 Dungeon Sprint DCSS version 0.30-a0-1161-g0704695555 (webtiles) character file.

Game seed: 1912099208296226478

9630 howech the Ninja (level 11, -5/47 HPs)
             Began as a Spriggan Enchanter on Apr 27, 2023.
             Was a High Priest of Sif Muna.
             Slain by a demonic crawler (18 damage)
             ... in the Dungeon (Sprint I: "Red Sonja").
             The game lasted 00:11:09 (1002 turns).

howech the Ninja (Spriggan Enchanter)               Turns: 1002, Time: 00:11:09

Health: -5/47      AC:  4    Str:  4    XL:     11   Next: 25%
Magic:  23/32      EV: 19    Int: 21    God:    Sif Muna [*****.]
Gold:   1108       SH:  0    Dex: 16    Spells: 36/43 levels left

rFire   . . .        a - +1 dagger
rCold   . . .        (no shield)
rNeg    . . .        b - +0 robe
rPois   +            (helmet restricted)
rElec   .            q - +1 cloak {rPois}
rCorr   .            (gloves unavailable)
SInv    +            (boots unavailable)
Will    +....        (no amulet)
Stlth   ++++++++++   (no ring)
HPRegen 0.27/turn    (no ring)
MPRegen 0.23/turn

%: no teleportation
@: very quick
A: very small, no large weapons, unfitting armour, see invisible, speed 3
a: Renounce Religion, Channel Magic, Forget Spell, Divine Exegesis


You were in the Dungeon.
You worshipped Sif Muna.
Sif Muna was extremely pleased with you.
You visited 1 branch You collected 2098 gold pieces.
You spent 964 gold pieces at shops.
You donated 26 gold pieces to Zin.

Inventory:

Hand Weapons
 a - a +1 dagger (weapon)
 o - the +1 rapier of Distant Shores {holy, Will- Str-2 Int+6 Dex+8}
   (You bought it in a shop in the Dungeon)

   Str:       It affects your strength (-2).
   Int:       It affects your intelligence (+6).
   Dex:       It affects your dexterity (+8).
   Will:      It decreases your willpower.
Armour
 b - a +0 robe (worn)
 p - the +2 cloak of Donyh {rC+ Will- Str+2}
   (You bought it in a shop in the Dungeon)

   Str:       It affects your strength (+2).
   rC:        It protects you from cold.
   Will:      It decreases your willpower.
 q - a +1 cloak of poison resistance (worn)
Scrolls
 i - a scroll of blinking
 k - a scroll of identify
 m - a scroll of enchant armour
Potions
 c - 2 potions of invisibility
 d - 2 potions of curing
 e - a potion of heal wounds
 f - a potion of haste
 g - 3 potions of magic
 h - a potion of berserk rage
 j - a potion of brilliance
 l - a potion of attraction


   Skills:
 - Level 10.0 Short Blades
 - Level 5.0 Dodging
 O Level 27 Stealth
 + Level 16.9 Spellcasting
 + Level 3.0 Conjurations
 - Level 8.0 Hexes
 - Level 8.0 Ice Magic
 + Level 3.6 Air Magic


You had 36 spell levels left.
You knew the following spells:

 Your Spells              Type           Power      Damage    Failure   Level
a - Ensorcelled Hibernat  Hex/Ice        100%       N/A       1%          2
b - Confusing Touch       Hex            51%        N/A       1%          3
c - Passwall              Tmut/Erth      14%        N/A       4%          2

Your spell library contained the following spells:

 Spells                   Type           Power      Damage    Failure   Level
 Shock                    Conj/Air       100%       1d9       1%          1
 Dazzling Flash           Conj/Hex       80%        N/A       1%          3
 Tukima's Dance           Hex            51%        N/A       1%          3
 Swiftness                Air            33%        N/A       2%          3
 Vhi's Electric Charge    Tloc/Air       50%        N/A       4%          3
 Airstrike                Air            16%        2d(3-19)  7%          4
 Silence                  Hex/Air        21%        N/A       9%          5
 Conjure Ball Lightning   Conj/Air       15%        3x3d6     77%         6


Dungeon Overview and Level Annotations

Branches:
Dungeon (1/1)

Altars:
Cheibriados
Dithmenos
Elyvilon
Fedhas
Gozag
Hepliaklqana
Kikubaaqudgha
Makhleb
Nemelex Xobeh
Okawaru
Qazlal
Ru
Sif Muna
Trog
Uskayaw
Vehumet
Wu Jian
Xom
Yredelemnul
Zin
The Shining One
Jiyva
Lugonu

Shops:
D !(*???:[:!?****?[**[:


Innate Abilities, Weirdness & Mutations

You are very small and have problems with some larger weapons.
You are too small for most types of armour.
You have supernaturally acute eyesight. (SInv)
You cover ground extremely quickly. (Speed+++)


Message History

The demonic crawler gives a hideous shriek! x2
The helpless demonic crawler fails to defend itself.
You spit the demonic crawler like a pig!!!!!
You kill the demonic crawler!
Sif Muna accepts your kill.
Your Conjurations skill increases to level 3!
Casting: Ensorcelled Hibernation (safe; 1% risk of failure)
Confirm with . or Enter, or press ? or * to list all spells.
Aiming: Ensorcelled Hibernation (safe; 1% risk of failure)
Press: ? - help, Shift-Dir - straight line, f - demonic crawler
Aim: a demonic crawler (chance to affect: 37%)
The demonic crawler easily resists.
The demonic crawler closely misses you. The demonic crawler hits you!
The demonic crawler closely misses you.
The demonic crawler completely misses you.
The demonic crawler hits you! The demonic crawler barely misses you.
Casting: Ensorcelled Hibernation (safe; 1% risk of failure)
Confirm with . or Enter, or press ? or * to list all spells.
Aiming: Ensorcelled Hibernation (safe; 1% risk of failure)
Press: ? - help, Shift-Dir - straight line, f/p - demonic crawler
Aim: a demonic crawler (chance to affect: 37%)
The demonic crawler looks drowsy...
The demonic crawler hits you!
The demonic crawler completely misses you.
The demonic crawler hits you.
* * * LOW HITPOINT WARNING * * *
Unknown command.
Casting: Ensorcelled Hibernation (safe; 1% risk of failure)
Confirm with . or Enter, or press ? or * to list all spells.
Aiming: Ensorcelled Hibernation (safe; 1% risk of failure)
Press: ? - help, Shift-Dir - straight line, f - demonic crawler, p - demonic crawler
Aim: a demonic crawler (chance to affect: 37%)
The demonic crawler easily resists.
Unknown command.
Casting: Ensorcelled Hibernation (safe; 1% risk of failure)
Confirm with . or Enter, or press ? or * to list all spells.
Aiming: Ensorcelled Hibernation (safe; 1% risk of failure)
Press: ? - help, Shift-Dir - straight line, f/p - demonic crawler
Aim: a demonic crawler (chance to affect: 37%)
The demonic crawler easily resists.
The demonic crawler barely misses you. The demonic crawler closely misses you.
The demonic crawler hits you!!
You die...

######################
..)..#.)'..#__#.@'s..#
..#.)'..#..'..'.s#).†#
####'#####'#__####...'..#
###..#...#.####[.#####..+
__####..##.#~~~§.#..# +##
_____##'#_.'§~§.§'..#
_.∩...'..._#)~~§.#..#
_..__##_.#'##)#####'###
_____###'#)#((..###§§§#


You could see 2 demonic crawlers.

Vanquished Creatures
  2 centaur warriors (D)
  Sonja (D)
  A deep troll (D)
  An oklob plant (D)
  8 shining eyes (D)
  2 demonic crawlers (D)
  2 unseen horrors (D)
  2 kobold demonologists (D)
  A hornet (D)
  A slime creature (D)
  Sigmund (D)
  A yak (D)
  2 redbacks (D)
  6 floating eyes (D)
  An ogre (D)
  7 necrophages (D)
  8 jellies (D)
  Ijyb (D)
48 creatures vanquished.

Notes
Turn   | Place    | Note
-------+----------+-------------------------------------------
     0 | D        | howech the Spriggan Enchanter began the quest for the Orb.
     0 | D        | Reached XP level 1. HP: 9/9 MP: 5/5
     3 | D        | Noticed Ijyb
    18 | D        | Killed Ijyb
    19 | D        | Reached skill level 6 in Stealth
    19 | D        | Reached skill level 1 in Ice Magic
    19 | D        | Reached XP level 2. HP: 12/13 MP: 5/7
    37 | D        | Noticed an ogre
    40 | D        | Killed an ogre
    41 | D        | Reached skill level 5 in Dodging
    41 | D        | Reached skill level 8 in Stealth
    41 | D        | Reached skill level 5 in Spellcasting
    41 | D        | Reached skill level 5 in Hexes
    41 | D        | Reached XP level 3. HP: 7/16 MP: 7/10
    41 | D        | Reached XP level 4. HP: 9/21 MP: 8/12
    49 | D        | Noticed Sigmund
    52 | D        | Killed Sigmund
    53 | D        | Reached skill level 5 in Short Blades
    53 | D        | Reached skill level 11 in Stealth
    53 | D        | Reached XP level 5. HP: 13/24 MP: 10/15
    65 | D        | Found a shimmering blue altar of Sif Muna.
    69 | D        | Learned a level 2 spell: Ensorcelled Hibernation
    73 | D        | Learned a level 3 spell: Confusing Touch
    73 | D        | Found an ornate altar of the Wu Jian Council.
    74 | D        | Found a radiant altar of Vehumet.
    79 | D        | Reached XP level 6. HP: 21/28 MP: 13/16
   106 | D        | Found Dapu's Magic Scroll Emporium.
   106 | D        | Found an ancient bone altar of Kikubaaqudgha.
   106 | D        | Found a hazy altar of Hepliaklqana.
   106 | D        | Found a hide-covered altar of Uskayaw.
   106 | D        | Found a basalt altar of Yredelemnul.
   106 | D        | Found an opulent altar of Gozag.
   106 | D        | Found a snail-covered altar of Cheibriados.
   106 | D        | Found a sacrificial altar of Ru.
   106 | D        | Found a shadowy altar of Dithmenos.
   106 | D        | Noticed a yak
   107 | D        | Found a stormy altar of Qazlal.
   107 | D        | Found a blossoming altar of Fedhas.
   107 | D        | Found a bloodstained altar of Trog.
   107 | D        | Found an iron altar of Okawaru.
   107 | D        | Found a glowing golden altar of the Shining One.
   107 | D        | Found a glowing silver altar of Zin.
   107 | D        | Found a white marble altar of Elyvilon.
   108 | D        | Killed a yak
   109 | D        | Reached skill level 13 in Stealth
   109 | D        | Found a sparkling altar of Nemelex Xobeh.
   113 | D        | Bought a scroll of identify for 22 gold pieces
   113 | D        | Bought a scroll of identify for 22 gold pieces
   113 | D        | Bought a scroll of identify for 22 gold pieces
   113 | D        | Bought a scroll of identify for 22 gold pieces
   115 | D        | Became a worshipper of Zin the Law-Giver
   115 | D        | Reached * piety under Zin
   115 | D        | Reached ** piety under Zin
   115 | D        | Reached *** piety under Zin
   115 | D        | Reached **** piety under Zin
   115 | D        | Reached ***** piety under Zin
   115 | D        | Reached ****** piety under Zin
   123 | D        | Noticed Sonja
   127 | D        | Killed Sonja
   128 | D        | Reached skill level 16 in Stealth
   128 | D        | Reached skill level 5 in Ice Magic
   128 | D        | Reached XP level 7. HP: 32/32 MP: 17/20
   139 | D        | Found Bomufurr's Distillery.
   150 | D        | Noticed a shining eye
   150 | D        | Noticed a shining eye
   150 | D        | Noticed a shining eye
   150 | D        | Noticed a shining eye
   150 | D        | Noticed a shining eye
   150 | D        | Noticed a shining eye
   153 | D        | Reached XP level 8. HP: 36/36 MP: 20/22
   153 | D        | Noticed a shining eye
   153 | D        | Noticed a shining eye
   155 | D        | Paralysed by a floating eye for 4 turns
   169 | D        | Reached skill level 17 in Stealth
   169 | D        | Reached skill level 10 in Spellcasting
   232 | D        | Killed a shining eye
   233 | D        | Reached skill level 18 in Stealth
   248 | D        | Killed a shining eye
   249 | D        | Reached XP level 9. HP: 39/39 MP: 18/25
   273 | D        | Killed a shining eye
   274 | D        | Reached skill level 10 in Short Blades
   274 | D        | Reached skill level 19 in Stealth
   283 | D        | Killed a shining eye
   284 | D        | Reached skill level 20 in Stealth
   304 | D        | Killed a shining eye
   305 | D        | Reached skill level 21 in Stealth
   313 | D        | Killed a shining eye
   314 | D        | Reached skill level 22 in Stealth
   342 | D        | Killed a shining eye
   343 | D        | Reached XP level 10. HP: 44/44 MP: 16/28
   364 | D        | Killed a shining eye
   365 | D        | Reached skill level 23 in Stealth
   376 | D        | Found Vusaoh's Magic Scroll Shop.
   376 | D        | Found Yfau's Antique Weapon Shoppe.
   376 | D        | Found Motuch's Magic Scroll Boutique.
   376 | D        | Found Roenediu's General Store.
   396 | D        | Fell from the grace of Zin
   396 | D        | Became a worshipper of Sif Muna the Loreminder
   461 | D        | Noticed a deep troll
   465 | D        | Killed a deep troll
   466 | D        | Reached skill level 24 in Stealth
   475 | D        | Found Nyjiat's Armour Emporium.
   494 | D        | Noticed a centaur warrior
   495 | D        | Noticed a centaur warrior
   501 | D        | Killed a centaur warrior
   506 | D        | Killed a centaur warrior
   506 | D        | Reached * piety under Sif Muna
   507 | D        | Reached skill level 25 in Stealth
   631 | D        | Noticed an oklob plant
   633 | D        | Killed an oklob plant
   634 | D        | Reached skill level 15 in Spellcasting
   641 | D        | Reached ** piety under Sif Muna
   642 | D        | Reached skill level 26 in Stealth
   677 | D        | Reached *** piety under Sif Muna
   682 | D        | Reached XP level 11. HP: 47/47 MP: 31/31
   685 | D        | Reached **** piety under Sif Muna
   689 | D        | Reached skill level 27 in Stealth
   694 | D        | Reached ***** piety under Sif Muna
   711 | D        | Received a gift from Sif Muna
   730 | D        | Got Sif Muna's Compendium of the Atmosphere {god gift}
   769 | D        | Found Cethrouna's Armour Shoppe.
   769 | D        | Found Joacablaif's Book Shop.
   769 | D        | Found Hacwyhos's Book Boutique.
   771 | D        | Found Hoggeh's Distillery.
   771 | D        | Found Zani's Magic Scroll Shop.
   771 | D        | Found Evoj's Assorted Antiques.
   771 | D        | Found Mangon's General Store.
   771 | D        | Found Zuask's General Store.
   771 | D        | Found Tacel's Assorted Antiques.
   771 | D        | Found Otoxeick's Magic Scroll Shoppe.
   775 | D        | Found Verolo's Antique Armour Boutique.
   776 | D        | Found Dyjuceota's General Store.
   776 | D        | Found Soitov's General Store.
   778 | D        | Bought a potion of degeneration for 14 gold pieces
   779 | D        | Found Gimun Uti's Book Emporium.
   783 | D        | Bought a jewelled rapier for 216 gold pieces
   783 | D        | Identified the +1 rapier of Distant Shores {holy, Will-
                  | Str-2 Int+6 Dex+8} (You bought it in a shop in the Dungeon)
   785 | D        | Bought a masterwork cloak for 218 gold pieces
   785 | D        | Identified the +2 cloak of Donyh {rC+ Will- Str+2} (You
                  | bought it in a shop in the Dungeon)
   787 | D        | Bought a +1 cloak of poison resistance for 148 gold pieces
   788 | D        | Bought a book of Burglary for 280 gold pieces
   791 | D        | Learned a level 2 spell: Passwall
   831 | D        | Found a viscous altar of Jiyva.
   831 | D        | Found a corrupted altar of Lugonu.
   832 | D        | Found a burning altar of Makhleb.
   832 | D        | Found a shimmering altar of Xom.
   835 | D        | Reached skill level 1 in Conjurations
   835 | D        | Reached skill level 1 in Air Magic
   855 | D        | Received a gift from Sif Muna
  1002 | D        | Slain by a demonic crawler

Illustrated notes

Levels and vault maps discovered:
D:        dungeon_sprint_1 [red_sonja_temple_1, red_sonja_temple_small_1]

Skill      XL: |  1  2  3  4  5  6  7  8  9 10 11 |
---------------+----------------------------------+-----
Short Blades   | 2 3 5 8 9 10 | 10.0
Dodging        | 3 5 |  5.0
Stealth        | 6 8 11 16 18 22 26 27 | 27.0
Spellcasting   | 3 5 6 9 11 13 15 16 | 16.9
Hexes          | 4 5 6 7 8 |  8.0
Ice Magic      | 1 2 3 5 7 8 |  8.0
Conjurations   | 3 |  3.0
Air Magic      | 3 |  3.6

Action                     |  1- 3 |  4- 6 |  7- 9 | 10-12 || total
---------------------------+-------+-------+-------+-------++-------
  Melee: Dagger            |    10 |     4 |   160 |    53 ||   227
         Unarmed           |     5 |       |       |       ||     5
         Punch             |       |       |     1 |     2 ||     3
   Cast: Ensorcelled Hiber |       |       |     3 |    13 ||    16
         Confusing Touch   |       |       |     6 |     4 ||    10
    Use: Potion            |     1 |       |       |       ||     1
         Scroll            |       |       |       |     3 ||     3
   Stab: Sleeping          |     2 |     4 |     3 |    27 ||    36
         Invisible         |     1 |       |       |       ||     1
         Confused          |       |       |     8 |     4 ||    12
 Armour: Robe              |       |       |       |     2 ||     2
  Dodge: Dodged            |     5 |       |       |    26 ||    31

Table legend: (Time is in decaauts)
 A = Elapsed time spent in this place.
 B = Non-inter-level travel time spent in this place.
 C = Inter-level travel time spent in this place.
 D = Time resting spent in this place.
 E = Time spent auto-exploring this place.
 F = Levels seen in this place.
 G = Mean time per level.
                   A        B        C        D        E       F      G
               +--------+--------+--------+--------+--------+-----+--------+
         Total |    744 |    744 |      0 |    242 |      0 |   1 |  744.0 |
       Dungeon |    744 |    744 |      0 |    242 |      0 |   1 |  744.0 |
               +--------+--------+--------+--------+--------+-----+--------+

Top non-repeatable levels by time:
       D: 744 daAuts
